 Dungeon Crawl Stone Soup version 0.22-a0-833-g8522bf8 (webtiles) character file.

37 Amnesiac the Magician (level 3, 0/24 HPs)
             Began as a Mummy Earth Elementalist on July 25, 2018.
             Slain by a hungry ghost (3 damage)
             ... on level 3 of the Dungeon.
             The game lasted 00:01:26 (838 turns).

Amnesiac the Magician (Mummy Earth Elementalist)     Turns: 838, Time: 00:01:27

Health: 0/24       AC:  2    Str: 11    XL:     3   Next: 23%
Magic:  0/7        EV: 12    Int: 15    God:
Gold:   29         SH:  0    Dex: 12    Spells: 5/8 levels left

rFire    x . .     SeeInvis .   h - +2 spear (pierce)
rCold    + . .     Gourm    .   (no shield)
rNeg     + + +     Faith    .   c - +0 robe
rPois    ∞         Spirit   .   (no helmet)
rElec    .         Reflect  .   (no cloak)
rCorr    .         Harm     .   (no gloves)
MR       .....                  (no boots)
Stlth    ++........             (no amulet)
HPRegen  0.08/turn              d - -2 ring of slaying (curse)
MPRegen  0.10/turn              (no ring)

@: very slightly contaminated
A: no food or potions, fire vulnerability, cold resistance 1, negative energy
resistance 3, torment resistance, unbreathing
a: no special abilities


You were on level 3 of the Dungeon.
You were not hungry.

You visited 1 branch of the dungeon, and saw 4 of its levels.

You collected 29 gold pieces.

Inventory:

Hand Weapons
 h - a +2 spear of piercing (weapon)
Missiles
 b - 25 stones (quivered)
Armour
 c - a +0 robe (worn)
Jewellery
 d - a cursed -2 ring of slaying (left hand)
Scrolls
 g - a scroll of teleportation {!r}


   Skills:
 - Level 1.5 Dodging
 - Level 1.5 Stealth
 + Level 3.3 Spellcasting
 - Level 0.7 Transmutations
 * Level 3.3 Earth Magic


You had 5 spell levels left.
You knew the following spells:

 Your Spells              Type           Power        Failure   Level  Hunger
a - Sandblast             Erth           ##....       4%          1    N/A
b - Passwall              Tmut/Erth      #.......     13%         2    N/A

Your spell library contained the following spells:

 Spells                   Type           Power        Failure   Level  Hunger
 Stone Arrow              Conj/Erth      #.....       28%         3    N/A
 Lee's Rapid Deconstruct  Erth           ##........   80%         5    N/A
 Petrify                  Tmut/Erth      #.......     63%         4    N/A

Dungeon Overview and Level Annotations

Branches:
Dungeon (4/15)
 Temple: D:4-7

Altars:


Innate Abilities, Weirdness & Mutations

You do not eat or drink.
Your flesh is vulnerable to fire.
You are immune to poison.
Your flesh is cold resistant. (rC+)
You are immune to negative energy. (rN+++)
You are immune to unholy pain and torment.
You can survive without breathing.


Message History

Aiming: Sandblast (safe; 4% risk of failure)
Press: ? - help, Shift-Dir - straight line, f/p - hungry ghost
Aim: a hungry ghost The blast of sand hits the hungry ghost.
The hungry ghost is moderately damaged.
b - 28 stones The hungry ghost misses you.
Casting: Sandblast (safe; 4% risk of failure)
Confirm with . or Enter, or press ? or * to list all spells.
Aiming: Sandblast (safe; 4% risk of failure)
Press: ? - help, Shift-Dir - straight line, f/p - hungry ghost
Aim: a hungry ghost (moderately damaged)
The blast of sand hits the hungry ghost.
The hungry ghost is heavily damaged.
b - 27 stones The hungry ghost hits you.
Casting: Sandblast (safe; 4% risk of failure)
Confirm with . or Enter, or press ? or * to list all spells.
Aiming: Sandblast (safe; 4% risk of failure)
Press: ? - help, Shift-Dir - straight line, f/p - hungry ghost
Aim: a hungry ghost (heavily damaged)
The blast of sand hits the hungry ghost.
The hungry ghost is severely damaged.
b - 26 stones The hungry ghost hits you.
Casting: Sandblast (safe; 4% risk of failure)
Confirm with . or Enter, or press ? or * to list all spells.
Aiming: Sandblast (safe; 4% risk of failure)
Press: ? - help, Shift-Dir - straight line, f/p - hungry ghost
Aim: a hungry ghost (severely damaged)
You miscast Sandblast.
Nothing appears to happen.
The hungry ghost hits you.
* * * LOW HITPOINT WARNING * * *
Casting: Sandblast (safe; 4% risk of failure)
Confirm with . or Enter, or press ? or * to list all spells.
You don't have enough magic to cast that spell.
Casting: Sandblast (safe; 4% risk of failure)
Confirm with . or Enter, or press ? or * to list all spells.
You don't have enough magic to cast that spell.
Casting: Sandblast (safe; 4% risk of failure)
Confirm with . or Enter, or press ? or * to list all spells.
You don't have enough magic to cast that spell.
You hit the hungry ghost.
The hungry ghost is almost destroyed.
The hungry ghost hits you.
* * * LOW HITPOINT WARNING * * *
You miss the hungry ghost.
The hungry ghost is almost destroyed.
The hungry ghost hits you.
* * * LOW HITPOINT WARNING * * *
You closely miss the hungry ghost.
The hungry ghost is almost destroyed.
The hungry ghost hits you.
* * * LOW HITPOINT WARNING * * *
Things that are here:
a scale mail; a mace; an orc corpse
Casting: Sandblast (safe; 4% risk of failure)
Confirm with . or Enter, or press ? or * to list all spells.
Aiming: Sandblast (safe; 4% risk of failure)
Press: ? - help, Shift-Dir - straight line, f/p - hungry ghost
Aim: a hungry ghost (almost destroyed)
The blast of sand misses the hungry ghost.
b - 25 stones The hungry ghost hits you.
You die...

.. ... ####.##
#.....# #.....#
. #.....# ...
####.....##..###
........@.......
#######W####.###
#.<....[.......
#######>.......
#<...........#
######.......#
###.........#
#...........#
#............


You could see a hungry ghost.

Vanquished Creatures
  2 oozes
  3 leopard geckos
  An orc (D:3)
  A giant cockroach (D:2)
  2 goblins (D:2)
  A hobgoblin (D:1)
  4 kobolds
  A quokka (D:2)
  2 ball pythons (D:2)
  6 bats
  A frilled lizard (D:2)
  4 rats
28 creatures vanquished.

Notes
Turn   | Place    | Note
-------+----------+-------------------------------------------
     0 | D:1      | Amnesiac the Mummy Earth Elementalist began the quest for the Orb.
     0 | D:1      | Reached XP level 1. HP: 13/13 MP: 4/4
   249 | D:1      | Reached XP level 2. HP: 19/19 MP: 0/6
   309 | D:1      | Learned a level 2 spell: Passwall
   646 | D:2      | Reached XP level 3. HP: 23/24 MP: 7/7
   804 | D:4      | Noticed a hungry ghost
   838 | D:3      | Slain by a hungry ghost

Vault maps used:
D:1:      roderic_chinese_lattice_arrival, item_on_display_a
D:3:      portal_sewer_entry_f, first_ration

Skill      XL: |  1  2 |
---------------+-------+-----
Spellcasting   | 3 |  3.3
Earth Magic    | 3 |  3.3
Dodging        | |  1.5
Stealth        | |  1.5
Transmutations | |  0.7

Action                   || total
-------------------------++-------
Melee: Whip              ||    32
       Spear             ||    29
 Cast: Sandblast         ||    26
  Use: Scroll            ||     3
 Stab: Sleeping          ||     3
Armor: Robe              ||    20
Dodge: Dodged            ||    55

Table legend:
 A = Spawn XP
 B = Non-spawn XP
 C = Spawn XP percentage of total XP
 D = Spawn monster count
 E = Non-spawn monster count
 F = Spawn count percentage of total count
 G = Total turns spent on level
                    A         B        C        D         E        F      G
               +---------+---------+-------+---------+---------+-------+---------
         Total |       0 |      54 |   0.0 |       0 |      28 |   0.0 |   838
               +---------+---------+-------+---------+---------+-------+---------
           D:1 |       0 |      17 |   0.0 |       0 |       7 |   0.0 |   330
           D:2 |       0 |      34 |   0.0 |       0 |      20 |   0.0 |   467
           D:3 |       0 |       3 |   0.0 |       0 |       1 |   0.0 |    36
               +---------+---------+-------+---------+---------+-------+---------
